 Dungeon Crawl Stone Soup version 0.20.2-3-g29329e0561 (webtiles) character file.

296 Alfie the Shield-Bearer (level 6, -5/55 HPs)
             Began as a Minotaur Fighter on Sept 17, 2020.
             Slain by a mummy (15 damage)
             ... in an ossuary.
             The game lasted 00:07:21 (2110 turns).

Alfie the Shield-Bearer (Minotaur Fighter)          Turns: 2110, Time: 00:07:22

Health: -5/55      AC:  9    Str: 28    XL:     6   Next: 12%
Magic:  5/5        EV:  8    Int:  5    God:
Gold:   279        SH: 10    Dex: 11    Spells: 5/5 levels left

rFire    . . .     SeeInvis .   a - +0 long sword
rCold    . . .     Gourm    .   c - +0 shield
rNeg     . . .     Faith    .   b - +1 scale mail
rPois    .         Spirit   .   (helmet restricted)
rElec    .         Reflect  .   m - +0 cloak {+Inv}
rCorr    .         Harm     .   (no gloves)
MR       .....     Clarity  +   (no boots)
Stlth    ..........             (no amulet)
Regen    0.2/turn               (no ring)
MPRegen  0.1/turn               (no ring)

@: mighty, about to teleport, very slow
A: retaliatory headbutt, horns 2, agile 1, clarity
a: Evoke Invisibility


You were in an ossuary.
You were not hungry.

You visited 1 branch of the dungeon, and saw 4 of its levels.
You also visited: Ossuary.

You collected 279 gold pieces.

Inventory:

Hand Weapons
 a - a +0 long sword (weapon)
Missiles
 j - 4 tomahawks (quivered)
Armour
 b - a +1 scale mail (worn)
 c - a +0 shield (worn)
 m - a +0 cloak of invisibility (worn)
Jewellery
 h - an uncursed ring of magical power
Wands
 t - a wand of random effects (27/48)
Scrolls
 e - a scroll of remove curse
 g - 3 scrolls of recharging
 i - 3 scrolls of identify
 p - a scroll of amnesia
 s - 2 scrolls of noise {unknown}
Potions
 k - 3 potions of agility
 o - 2 potions of lignification {unknown}
Comestibles
 f - 2 bread rations
 l - 2 meat rations
 q - a royal jelly
 r - 3 fruits


   Skills:
 + Level 4.8 Fighting
 + Level 4.4 Long Blades
 + Level 4.8 Armour
 + Level 1.5 Dodging
 + Level 0.6 Stealth
 + Level 5.1 Shields


You had 5 spell levels left.
You didn't know any spells.

Dungeon Overview and Level Annotations

Branches:
Dungeon (4/15)
 Temple: D:4-7

Altars:
Ashenzari
Nemelex Xobeh
Vehumet


Innate Abilities, Weirdness & Mutations

You reflexively headbutt those who attack you in melee.
You have a pair of horns on your head.
You are agile. (Dex +2)
You possess an exceptional clarity of mind.


Message History

The centaur zombie hits you but does no damage.
A mummy comes into view.
You barely miss the bog mummy.
The bog mummy is heavily damaged.
The centaur zombie hits you. The mummy hits you!
The bog mummy gestures at you while chanting.
The puff of frost hits you!
You closely miss the bog mummy. Your headbutt misses the bog mummy.
The bog mummy is heavily damaged.
The centaur zombie hits you but does no damage. x2
The mummy hits you!
* * * LOW HITPOINT WARNING * * *
The bog mummy barely misses you.
A mummy comes into view.
As you read the scroll of teleportation, it crumbles to dust.
You feel strangely unstable. You block the centaur zombie's attack.
You feel very mighty all of a sudden. You block the centaur zombie's attack.
You block the bog mummy's attack. The mummy hits you!
You die...

#.+ #≈ #M# ≈M
+.' #≈#####.#
#.#∩..#.+
#≈#.∩.'.###
#≈#...#≈..#
M#####≈#####≈≈##
≈≈≈.≈MM@Z.M≈≈..#
.≈.≈.≈.#M≈.#'###
.#P≈.#.≈P≈P#P#
#≈≈ #≈≈≈≈≈≈## ##
####≈≈≈# ##≈#≈≈
######


You could see 4 mummies, 2 bog mummies and a centaur zombie.

Vanquished Creatures
  A bullfrog zombie (Ossuary)
  Crazy Yiuf (D:2)
  An orc wizard (D:3)
  2 iguanas (D:4)
  7 adders
  An ooze (D:1)
  An adder zombie (Ossuary)
  4 dart slugs
  A leopard gecko (D:3)
  5 orcs (D:3)
  7 bats
  3 giant cockroaches
  6 goblins
  10 hobgoblins
  4 jackals
  4 quokkas
  2 frilled lizards (D:1)
  A jackal skeleton (D:4)
  8 kobolds
  6 rats
  3 fungi (D:2)
78 creatures vanquished.

Notes
Turn   | Place    | Note
-------+----------+-------------------------------------------
     0 | D:1      | Alfie the Minotaur Fighter began the quest for the Orb.
     0 | D:1      | Reached XP level 1. HP: 19/19 MP: 0/0
   169 | D:1      | Found a shattered altar of Ashenzari.
   238 | D:1      | Reached XP level 2. HP: 27/27 MP: 1/1
   420 | D:1      | Reached skill level 4 in Shields
   532 | D:1      | Reached XP level 3. HP: 31/33 MP: 2/2
   683 | D:2      | Found a sparkling altar of Nemelex Xobeh.
   738 | D:2      | Reached XP level 4. HP: 29/40 MP: 3/3
   751 | D:2      | Gained mutation: You are agile. (Dex +2) [potion of mutation]
   751 | D:2      | Gained mutation: You possess an exceptional clarity of mind. [potion of mutation]
   751 | D:2      | Gained mutation: Scrolls take you a little longer to read. [potion of mutation]
   751 | D:2      | Lost mutation: Scrolls take you a little longer to read. [potion of mutation]
   846 | D:2      | Found a radiant altar of Vehumet.
  1225 | D:2      | Found a runed door.
  1229 | D:2      | Noticed Crazy Yiuf
  1235 | D:2      | Killed Crazy Yiuf
  1235 | D:2      | Reached XP level 5. HP: 33/47 MP: 4/4
  1443 | D:3      | Reached skill level 1 in Dodging
  2038 | D:4      | Reached skill level 5 in Shields
  2066 | D:4      | Found a sand-covered staircase.
  2084 | Ossuary  | Entered an ossuary
  2090 | Ossuary  | Reached XP level 6. HP: 30/55 MP: 5/5
  2110 | Ossuary  | Slain by a mummy

Skill      XL: |  1  2  3  4  5 |
---------------+----------------+-----
Armour         | 4 |  4.8
Fighting       | 4 |  4.8
Shields        | 4 5 |  5.1
Long Blades    | 3 4 |  4.4
Dodging        | 1 |  1.5
Stealth        | |  0.6

Action                   |  1- 3 |  4- 6 || total
-------------------------+-------+-------++-------
Melee: Long sword        |    76 |   167 ||   243
       Headbutt          |    13 |    31 ||    44
  Use: Scroll            |     4 |     4 ||     8
       Potion            |       |     3 ||     3
  Eat: Royal jelly       |       |     1 ||     1
       Bread ration      |       |     1 ||     1
       Fruit             |       |     1 ||     1
Armor: Scale mail        |    44 |    68 ||   112
Dodge: Dodged            |    13 |    51 ||    64
Block: Shield            |    51 |    88 ||   139
       Rpst.: Long sword |     6 |    10 ||    16
